 Dungeon Crawl Stone Soup version 0.17-a0-1798-g879a7aa (webtiles) character file.

77 luca467 the Insei (level 4, -2/36 HPs)
             Began as a Demonspawn Monk on Sept 10, 2015.
             Slain by a kobold (4 damage)
             ... on level 3 of the Dungeon.
             The game lasted 00:08:52 (2341 turns).

luca467 the Insei (Demonspawn Monk)                 Turns: 2341, Time: 00:08:52

Health: -2/36      AC:  4    Str: 14    XL:     4   Next: 13%
Magic:  4/4        EV: 13    Int: 11    God:
Gold:   73         SH:  0    Dex: 16    Spells: 0 memorised, 3 levels left

rFire  . . .     SeeInvis .       - Unarmed
rCold  . . .     Clarity  .     d - +0 robe
rNeg   . . .     SustAt   .     (no shield)
rPois  .         Gourm    .     (no helmet)
rElec  .         Spirit   .     (no cloak)
rCorr  .         Warding  .     (no gloves)
rMut   .         Stasis   .     (no boots)
MR     .....                    (no amulet)
Stlth  ++........               (no ring)
                                o - +2 ring of strength

@: lethally poisoned (-2 -> -11), not resistant to hostile enchantments,
unstealthy
A: thin metallic scales 1, demonic guardian 1
a: no special abilities


You were on level 3 of the Dungeon.
You were not hungry.

You visited 1 branch of the dungeon, and saw 3 of its levels.

You collected 73 gold pieces.

Inventory:

Armour
 a - a +0 robe
 d - a +0 robe (worn)
 i - a +0 robe
Jewellery
 o - a +2 ring of strength (left hand)
Scrolls
 h - 2 scrolls of blinking {unknown}
 j - a scroll of enchant weapon {unknown}
 k - a scroll of remove curse {unknown}
 m - a scroll of immolation {unknown}
Comestibles
 b - a bread ration
 c - a slice of pizza
 f - a beef jerky


   Skills:
 + Level 3.6 Fighting
 + Level 3.0 Dodging
 - Level 1.7 Stealth
 * Level 4.6 Unarmed Combat


You had 3 spell levels left.
You didn't know any spells.

Dungeon Overview and Level Annotations

Branches:
Dungeon (3/15)

Altars:
Ru
Vehumet

Annotations:
D:2 Sigmund


Innate Abilities, Weirdness & Mutations

You are partially covered in thin metallic scales (AC +2).
A weak demonic guardian rushes to your aid.


Message History

You spend a moment contemplating the meaning of life.
You spend a moment contemplating the meaning of life.
You spend a moment contemplating the meaning of life.
You spend a moment contemplating the meaning of life.
You spend a moment contemplating the meaning of life.
You are too injured to fight recklessly!
You are too injured to fight recklessly!
You hit the orc priest but do no damage.
The orc priest is heavily wounded.
* * * LOW HITPOINT WARNING * * *
You feel sick.
Your iron imp closely misses the orc priest.
The orc priest barely misses you.
You hit the orc priest.
The orc priest is heavily wounded.
Your iron imp hits the orc priest but does no damage.
You closely miss the orc.
* * * LOW HITPOINT WARNING * * *
You feel sick. The kobold hits you.
You die...

#o# #<.....
#o# ####..#
#.#####.######
#..#
#............#
#..#
#######.####.#
#..# #.# #..#
#.# #..#
..#######o#
#..g
......K@o5#
..#########


You could see an orc priest, an orc, a kobold and a friendly iron imp.

Vanquished Creatures
  3 adders
  An ooze (D:3)
  A worm (D:2)
  A giant gecko (D:1)
  7 bats
  8 hobgoblins
  7 kobolds
  A quokka (D:2)
  A ball python (D:1)
  2 giant cockroaches
  2 giant newts
  2 goblins
  3 rats (D:1)
39 creatures vanquished.

Vanquished Creatures (others)
  A kobold (D:2)
1 creature vanquished.

Grand Total: 40 creatures vanquished

Notes
Turn   | Place    | Note
--------------------------------------------------------------
     0 | D:1      | luca467 the Demonspawn Monk began the quest for the Orb.
     0 | D:1      | Reached XP level 1. HP: 18/18 MP: 1/1
   501 | D:1      | Gained mutation: You are partially covered in thin metallic scales (AC +2). [demonic ancestry]
   501 | D:1      | Reached XP level 2. HP: 22/24 MP: 2/2
   560 | D:1      | Reached skill level 4 in Unarmed Combat
  1329 | D:2      | Found a radiant altar of Vehumet.
  1360 | D:2      | Found a sacrificial altar of Ru.
  1371 | D:2      | Noticed Sigmund
  1389 | D:2      | Reached XP level 3. HP: 26/29 MP: 3/3
  2098 | D:3      | Gained mutation: A weak demonic guardian rushes to your aid. [demonic ancestry]
  2098 | D:3      | Reached XP level 4. HP: 11/36 MP: 4/4
  2341 | D:3      | Slain by a kobold

Vault maps used:
D:1:      lightli_arrival_noodles
D:2:      lightli_temple_of_fire, fiery_altar_vehumet, first_bread,
          minmay_misc_feat_roman, hangedman_ru_absence, uniq_sigmund
D:3:      grunt_temple_overflow_cloverleaf, minmay_misc_feat_chi

Action                   |  1- 3 |  4- 6 || total
-------------------------+-------+-------++-------
Melee: Unarmed           |   152 |     6 ||   158
  Use: Scroll            |     3 |       ||     3
       Potion            |     1 |     1 ||     2
 Stab: Sleeping          |     8 |       ||     8
  Eat: Chunk             |     3 |       ||     3
       Meat ration       |       |     1 ||     1
